 Dungeon Crawl Stone Soup version 0.16.2-2-g470672f (webtiles) character file.

125806 SirRandom the Severer (level 16, 0/155 HPs)
             Began as a Hill Orc Fighter on Aug 29, 2015.
             Was the Champion of Zin.
             Drowned by a drowned soul (11 damage)
             ... summoned by a merfolk avatar
             ... on level 1 of the Shoals on Aug 30, 2015.
             The game lasted 02:21:00 (30244 turns).

SirRandom the Severer (Hill Orc Fighter)           Turns: 30244, Time: 02:21:00

Health: 0/155      AC: 23    Str: 35    XL:     16   Next: 96%
Magic:  42/42      EV: 11    Int:  8    God:    Zin [******]
Gold:   541        SH:  0    Dex: 10    Spells: 0 memorised, 15 levels left

rFire  x . .     SeeInvis .     a - +9 battleaxe of the Reaper {chop, rF- rC+ MP+9 Str+4}
rCold  + . .     Clarity  .     x - +0 plate armour of Serendipity {rPois Slay+3} (curse)
rNeg   + . .     SustAb   .     (no shield)
rPois  +         Gourm    +     g - +0 helmet
rElec  .         Spirit   .     l - +1 cloak {MR+}
rCorr  .         Warding  .     j - +0 pair of gloves
rMut   .         Stasis   .     y - +0 pair of boots
MR     ++...                    O - amulet of the gourmand
Stlth  ..........               F - +5 ring of strength
                                o - ring of positive energy

@: short of breath, very resistant to hostile enchantments, extremely unstealthy
A: no striking features
a: Recite, Vitalisation, Imprison, Sanctuary, Cure All Mutations, Renounce
Religion


You were on level 1 of the Shoals.
You worshipped Zin.
Zin was exalted by your worship.
You were not hungry.

You visited 6 branches of the dungeon, and saw 31 of its levels.
You also visited: Ice Cave.

You collected 2841 gold pieces.
You spent 2093 gold pieces at shops.
You donated 207 gold pieces to Zin.

Inventory:

Hand weapons
 a - the +9 battleaxe of the Reaper (weapon) {chop, rF- rC+ MP+9 Str+4}
   (You bought it in a shop on level 1 of the Elven Halls)

   It inflicts extra damage upon your enemies.
   It affects your strength (+4).
   It makes you vulnerable to fire.
   It protects you from cold.
   It affects your magic capacity (+9).
 N - a +1 executioner's axe of chopping
 V - the +8 lajatang "Jogav" {flame, rElec rF+ rC- Str+4 Dex+5}
   (You acquired it on level 1 of the Lair of Beasts)

   It has been specially enchanted to burn those struck by it, causing extra
   injury to most foes and up to half again as much damage against particularly
   susceptible opponents.
   Big, fiery blades are also staple armaments of hydra-hunters.
   It affects your strength (+4).
   It affects your dexterity (+5).
   It protects you from fire.
   It makes you vulnerable to cold.
   It insulates you from electricity.
Armour
 g - a +0 helmet (worn)
 j - a +0 pair of gloves (worn)
 l - a +1 cloak of magic resistance (worn)
 x - the cursed +0 plate armour of Serendipity (worn) {rPois Slay+3}
   (You found it on level 4 of the Dungeon)

   It affects your accuracy and damage with ranged weapons and melee attacks
   (+3).
   It protects you from poison.
   It has a curse placed upon it.
 y - a +0 pair of boots (worn)
Rods
 W - a +0 rod of ignition (11/11)
   (You found it on level 12 of the Dungeon)
Jewellery
 n - an uncursed ring of ice
 o - a ring of positive energy (left hand)
 s - an uncursed amulet of regeneration
 z - an uncursed ring of flight
 F - a +5 ring of strength (right hand)
 O - an amulet of the gourmand (around neck)
 X - the amulet "Jicu" {Ward rC+ rN+}
   (You bought it in a shop on level 2 of the Elven Halls)

   [amulet of warding]

   It may prevent the melee attacks of summoned creatures.
   It protects you from cold.
   It protects you from negative energy.
 Z - an uncursed amulet of rage
Magical devices
 q - a wand of lightning (8)
 A - a wand of paralysis (10)
 E - a wand of cold (5)
 J - a wand of disintegration (18)
 M - a wand of disintegration (13)
 S - a wand of fire (9)
 U - a wand of fireball (5)
Scrolls
 c - 9 scrolls of enchant weapon
 f - 11 scrolls of remove curse
 h - 15 scrolls of identify
 p - a scroll of teleportation
 w - 2 scrolls of recharging
 B - 4 scrolls of fear
 G - 7 scrolls of blinking
 I - 2 scrolls of amnesia
 P - 4 scrolls of magic mapping
 T - 3 scrolls of enchant armour
Potions
 d - 2 potions of cure mutation
 e - 3 potions of might
 i - 2 potions of agility
 k - 7 potions of curing
 v - a potion of lignification {unknown}
 C - a potion of invisibility
 D - 4 potions of haste
 K - 2 potions of mutation {unknown}
 L - 3 potions of magic
 Q - a potion of cancellation
 R - a potion of degeneration
 Y - a potion of flight
Comestibles
 m - 11 bread rations
 r - 8 meat rations
 u - 33 fruits
 H - 8 beef jerkies


   Skills:
 - Level 17.2 Fighting
 + Level 20.2 Axes
 - Level 14.0 Armour
 + Level 6.8 Dodging
   Level 3.2 Shields
 * Level 16.5 Invocations


You had 15 spell levels left.
You didn't know any spells.

Dungeon Overview and Level Annotations

Branches:
Dungeon (15/15)            Temple (1/1) D:4            Lair (8/8) D:9
 Shoals (1/5) Lair:3       Spider (0/5) Lair:6          Orc (4/4) D:12
    Elf (2/3) Orc:3        Vaults (0/5) D:13         Depths (0/5) D:15
  Slime: Lair:6-8

Altars:
Ashenzari
Cheibriados
Dithmenos
Elyvilon
Fedhas
Gozag
Kikubaaqudgha
Makhleb
Nemelex Xobeh
Okawaru
Qazlal
Ru
Sif Muna
Trog
Vehumet
Xom
Yredelemnul
Zin
The Shining One
Beogh

Shops:
D:5 [   D:8 (((??   Orc:1 =*[=   Orc:4 (**[   Elf:1 (!*=?   Elf:2 *

Annotations:
D:4 Menkaure; SirRandom's ghost, experienced HOFi
Lair:7 exclusion: 2 oklob plants, poirepourri's ghost, powerful HOBe
Lair:8 exclusion: 3 doors
Elf:1 exclusion: Roxanne, Roxanne


Message History

The drowned soul touches you. The drowned soul drowns you!
* * * LOW HITPOINT WARNING * * *
The siren chants its luring song.
You see here a stone.
You are too injured to fight recklessly!
Drink which item? (? for menu, Esc to quit)
You feel better.
Your surroundings suddenly seem different.
Splash!
You break out of your daze!
The merfolk avatar chants a haunting song.
You resist.
A merfolk avatar comes into view.
Shadowy forms rise from the deep at the merfolk avatar's song!
The merfolk avatar chants a haunting song.
You resist.
The merfolk avatar chants a haunting song.
You resist with almost no effort. The drowned soul touches you.
The drowned soul drowns you!
You die...

≈≈≈ ≈≈≈≈≈≈≈≈≈
PP≈≈≈≈≈≈≈≈≈
.≈≈≈≈≈≈≈≈≈≈
##P≈≈≈≈≈≈≈≈≈≈
#.≈P≈≈≈≈≈≈≈≈≈
#.≈≈≈≈≈≈≈≈≈≈≈
#....P≈≈≈≈≈≈≈≈
#@PP≈≈≈≈≈≈
#.≈≈≈≈≈≈≈≈
####.≈≈≈≈≈≈≈≈
##....≈≈≈≈≈≈≈≈
#..≈≈≈≈≈≈≈≈≈≈
.......≈m≈≈≈≈≈≈≈≈≈
≈≈≈≈≈≈≈≈≈≈≈≈≈≈≈≈≈
≈≈≈≈≈≈≈≈≈≈W≈W≈≈≈≈
≈≈≈≈≈≈≈≈≈≈≈≈≈≈≈


You could see a merfolk avatar and 2 drowned souls.

Vanquished Creatures
  Saint Roka (Orc:3)
  A deep elf blademaster (Elf:2)
  The ghost of Miyamura the Warrior, a mighty OgHu of Ashenzari (D:14)
  An orc warlord (Orc:3)
  A stone giant (Orc:4)
  A deep elf demonologist (Elf:2)
  Snorg (Orc:1)
  3 vault guards (D:13)
  Josephine (D:12)
  Fannar (D:10)
  Harold (D:13)
  6 hydras
  A catoblepas (Lair:8)
  2 ogre magi (Orc:4)
  Erica (Orc:3)
  3 dancing weapons (Elf:2)
  3 centaur warriors
  9 death yaks
  2 tengu warriors
  2 orc high priests
  A soul eater (Orc:4)
  11 deep elf knights
  2 skeletal warriors (D:12)
  2 deep trolls (Orc:4)
  5 hill giants
  4 deep elf summoners
  A wolf spider zombie (D:11)
  An unseen horror (D:15)
  A wizard (D:11)
  6 deep elf conjurers
  2 orc knights (Orc:3)
  3 orc sorcerers
  4 ugly things
  A faun (Lair:7)
  2 sixfirhies
  3 griffons
  An oklob plant (Lair:5)
  A siren (Shoals:1)
  3 cyclopes
  A manticore (D:15)
  2 centaur zombies
  Maurice (D:10)
  13 elephants (Lair:8)
  Joseph (Orc:1)
  3 gargoyles
  4 black mambas
  A rust devil (Orc:3)
  Psyche (Orc:1)
  18 spiny frogs
  2 efreet
  2 tengu conjurers
  8 komodo dragons
  2 fire drakes
  8 deep elf priests
  4 yaktaurs (D:15)
  2 freezing wraiths
  2 hellwings
  6 two-headed ogres (Orc:4)
  8 polar bears
  Sonja (Orc:4)
  A merfolk (Shoals:1)
  A wind drake (Shoals:1)
  23 blink frogs
  A jumping spider (Elf:1)
  8 ravens
  12 trolls
  2 basilisks
  A snapping turtle (Lair:3)
  A tarantella (Elf:1)
  2 wyverns
  A shadow (D:13)
  5 redbacks (Elf:1)
  A trapdoor spider (D:15)
  17 deep elf magi
  10 humans
  6 wraiths
  14 hippogriffs
  37 yaks
  26 wolves
  Eustachio (Orc:1)
  20 deep elf fighters
  A mottled dragon (D:14)
  3 vampire mosquitoes (D:15)
  Edmund (D:4)
  A soldier ant (D:12)
  An eye of draining (D:11)
  6 wargs
  4 phantoms
  16 water moccasins
  12 porcupines
  28 orc warriors
  2 black bears (Lair:5)
  17 crocodiles
  7 ice beasts
  2 wasps
  6 sky beasts
  24 ogres
  9 centaurs
  2 brain worms
  12 giant frogs
  5 big kobolds
  2 gnoll sergeants (D:8)
  2 scorpions
  4 killer bees (D:8)
  2 wyvern skeletons (D:11)
  12 wights
  4 electric eels
  5 goliath beetles
  A lava snake (D:9)
  10 crimson imps
  2 giant frog zombies
  4 centaur skeletons
  24 orc priests
  15 hounds
  2 jellies
  3 giant frog skeletons
  30 orc wizards
  11 hell rats
  Natasha (thrice) (D:4)
  5 worker ants
  12 iguanas
  32 sheep
  Ijyb (D:9)
  2 hound skeletons
  A worker ant zombie (D:9)
  15 gnolls
  A scorpion zombie (D:9)
  21 adders
  54 river rats
  4 shadow imps
  13 white imps
  A giant mite (D:6)
  2 worms
  An adder skeleton (D:8)
  An adder zombie (D:9)
  6 giant geckos
  163 orcs
  A ball python (D:5)
  A bat zombie (D:5)
  5 giant cockroaches
  18 hobgoblins
  9 jackals
  9 bats
  7 giant newts
  28 goblins
  29 kobolds
  An orc zombie (D:12)
  12 quokkas
  A quokka skeleton (D:8)
  A quokka zombie (D:8)
  15 rats
  2 ballistomycetes (D:12)
  14 bushes (D:12)
  6 fungi
  8 pillars of salt
  5 plants
1178 creatures vanquished.

Vanquished Creatures (others)
  11 drowned souls (Shoals:1)
  A river rat (Lair:1)
  A giant spore (D:12)
  A bush (Lair:2)
  20 fungi
  7 pillars of salt
  3 plants (Lair:8)
44 creatures vanquished.

Grand Total: 1222 creatures vanquished

Notes
Turn   | Place    | Note
--------------------------------------------------------------
     0 | D:1      | SirRandom, the Hill Orc Fighter, began the quest for the Orb.
     0 | D:1      | Reached XP level 1. HP: 19/19 MP: 1/1
   240 | D:1      | Reached XP level 2. HP: 27/27 MP: 2/2
   577 | D:1      | Reached skill level 4 in Axes
   806 | D:2      | Reached XP level 3. HP: 29/33 MP: 3/3
  1113 | D:2      | Found a deep blue altar of Sif Muna.
  1113 | D:2      | Found a stormy altar of Qazlal.
  1113 | D:2      | Found a basalt altar of Yredelemnul.
  1585 | D:3      | Reached XP level 4. HP: 33/40 MP: 4/4
  1645 | D:3      | Reached skill level 5 in Axes
  1734 | D:3      | Reached XP level 5. HP: 29/47 MP: 5/5
  1840 | D:3      | Found a radiant altar of Vehumet.
  2506 | D:4      | Noticed Edmund
  2510 | D:4      | Got a jewelled plate armour
  2527 | D:4      | Killed Edmund
  2527 | D:4      | Reached skill level 5 in Fighting
  2527 | D:4      | Reached skill level 6 in Axes
  2527 | D:4      | Reached XP level 6. HP: 29/56 MP: 6/6
  2680 | D:4      | Identified the cursed +0 plate armour of Serendipity {rPois Slay+3} (You found it on level 4 of the Dungeon)
  2778 | D:4      | Noticed Natasha
  2787 | D:4      | Killed Natasha
  2844 | D:4      | Noticed an ogre
  2848 | D:4      | Killed an ogre
  2848 | D:4      | Reached skill level 7 in Axes
  2848 | D:4      | Reached skill level 5 in Armour
  2909 | D:4      | Noticed Natasha
  2917 | D:4      | Killed Natasha
  2917 | D:4      | Reached XP level 7. HP: 61/61 MP: 7/7
  2921 | D:4      | Found a staircase to the Ecumenical Temple.
  2930 | Temple   | Entered the Ecumenical Temple
  2979 | Temple   | Became a worshipper of Zin the Law-Giver
  3017 | D:4      | Noticed Natasha
  3020 | D:4      | Killed Natasha
  3230 | D:4      | Found an ancient bone altar of Kikubaaqudgha.
  3231 | D:4      | Noticed SirRandom's ghost (experienced HOFi)
  3237 | D:4      | Noticed Menkaure
  3239 | D:4      | Noticed an ogre
  3330 | D:5      | Entered Level 5 of the Dungeon
  3330 | D:5      | Found Twiwot's Antique Armour Shoppe.
  3361 | D:5      | Found an opulent altar of Gozag.
  3391 | D:5      | Acquired Zin's first power
  3546 | D:5      | Reached skill level 8 in Axes
  3921 | D:5      | Reached XP level 8. HP: 35/70 MP: 8/8
  4270 | D:6      | Reached skill level 9 in Axes
  5006 | D:7      | Found an iron altar of Okawaru.
  5054 | D:6      | Reached skill level 10 in Axes
  5438 | D:7      | Reached XP level 9. HP: 64/79 MP: 9/9
  5566 | D:7      | Reached skill level 11 in Axes
  5690 | D:7      | Got a crystal hand axe
  5691 | D:7      | Found a shadowy altar of Dithmenos.
  5706 | D:7      | Acquired Zin's second power
  5708 | D:7      | Identified the +3 hand axe of Zyimy {chop, rPois} (You found it on level 7 of the Dungeon)
  6273 | D:8      | Reached skill level 12 in Axes
  6389 | D:8      | Noticed a centaur zombie
  6399 | D:8      | Killed a centaur zombie
  6474 | D:8      | Found Triamythod's Magic Scroll Shop.
  6520 | D:8      | Acquired Zin's third power
  6533 | D:8      | Reached XP level 10. HP: 90/90 MP: 10/10
  6610 | D:8      | Found Tribut's Weapon Boutique.
  6731 | D:8      | Found Streafix's Weapon Shop.
  6736 | D:8      | Found Azopna's Antique Weapon Shoppe.
  6755 | D:8      | Found Cuid Xalie's Magic Scroll Boutique.
  7015 | D:9      | Reached skill level 13 in Axes
  7328 | D:9      | Found a staircase to the Lair.
  7462 | D:9      | Noticed Ijyb
  7531 | D:9      | Reached skill level 10 in Fighting
  7531 | D:9      | Reached skill level 14 in Axes
  7542 | D:9      | Killed Ijyb
  8004 | D:10     | Entered Level 10 of the Dungeon
  8058 | D:10     | Reached skill level 1 in Invocations
  8141 | D:10     | Reached XP level 11. HP: 38/100 MP: 12/15
  8415 | D:10     | Noticed Fannar
  8420 | D:10     | Noticed Maurice
  8777 | D:11     | Reached skill level 10 in Armour
  8806 | D:11     | Reached skill level 5 in Invocations
  8815 | D:11     | Found a shimmering altar of Xom.
  9159 | D:11     | Noticed a hill giant
  9477 | D:12     | Noticed Josephine
  9500 | D:12     | Killed Josephine
  9500 | D:12     | Reached skill level 15 in Axes
  9597 | D:12     | Noticed a skeletal warrior
  9597 | D:12     | Noticed a skeletal warrior
  9598 | D:12     | Noticed a skeletal warrior
  9598 | D:12     | Noticed a skeletal warrior
  9889 | D:12     | Found a staircase to the Orcish Mines.
  9923 | D:13     | Noticed a tengu warrior
  9942 | D:13     | Killed a tengu warrior
  9942 | D:13     | Reached XP level 12. HP: 71/106 MP: 25/25
 10044 | D:13     | Found a frozen archway.
 10053 | D:13     | Reached skill level 10 in Invocations
 10072 | IceCv    | Entered an ice cave
 10387 | IceCv    | Acquired Zin's fourth power
 10406 | IceCv    | Noticed a frost giant
 10561 | D:13     | Noticed Harold
 10577 | D:13     | Killed Harold
 10714 | D:13     | Reached skill level 16 in Axes
 10724 | D:13     | Found a gate to the Vaults.
 10724 | D:13     | Noticed a vault guard
 10724 | D:13     | Noticed a hill giant
 10724 | D:13     | Noticed a vault guard
 10724 | D:13     | Noticed a vault guard
 10724 | D:13     | Noticed a hill giant
 10724 | D:13     | Noticed a vault guard
 10729 | D:13     | Killed a hill giant
 10804 | D:12     | Killed a skeletal warrior
 11004 | D:12     | Killed a skeletal warrior
 11177 | D:11     | Noticed a wizard
 11194 | D:11     | Killed a wizard
 11432 | D:11     | Killed a hill giant
 11601 | D:10     | Reached XP level 13. HP: 105/113 MP: 29/29
 11682 | D:10     | Killed Fannar
 11757 | D:10     | Killed Maurice
 11906 | Lair:1   | Entered Level 1 of the Lair of Beasts
 12060 | Lair:1   | Identified a scroll of acquirement
 12061 | Lair:1   | Got a brightly glowing lajatang
 12079 | Lair:1   | Identified the +8 lajatang "Jogav" {flame, rElec rF+ rC- Str+4 Dex+5} (You acquired it on level 1 of the Lair of Beasts)
 13635 | Lair:2   | Reached skill level 17 in Axes
 14570 | Lair:3   | Found a staircase to the Shoals.
 14836 | Lair:3   | Reached skill level 15 in Invocations
 16489 | Lair:5   | Found a radiant altar of Vehumet.
 16521 | Lair:5   | Reached XP level 14. HP: 122/122 MP: 31/31
 18153 | Lair:6   | Found a hole to the Spider Nest.
 18283 | Lair:6   | Reached skill level 18 in Axes
 18973 | Lair:7   | Noticed poirepourri's ghost (powerful HOBe)
 19547 | Lair:8   | Entered Level 8 of the Lair of Beasts
 19997 | Lair:8   | Reached skill level 1 in Dodging
 20031 | Lair:8   | Reached XP level 15. HP: 126/138 MP: 32/32
 20893 | Orc:1    | Entered Level 1 of the Orcish Mines
 20893 | Orc:1    | Noticed Psyche
 20898 | Orc:1    | Killed Psyche
 20906 | Orc:1    | Noticed Eustachio
 20911 | Orc:1    | Killed Eustachio
 21040 | Orc:1    | Found Wiuplov's Assorted Antiques.
 21040 | Orc:1    | Noticed Snorg
 21049 | Orc:1    | Killed Snorg
 21098 | Orc:1    | Found Xuuf's Armour Shop.
 21133 | Orc:1    | Found Fruh's Jewellery Shoppe.
 21150 | Orc:1    | Bought an uncursed amulet of the gourmand for 450 gold pieces
 21150 | Orc:1    | Bought an uncursed amulet of faith for 600 gold pieces
 21472 | Orc:3    | Noticed Erica
 21492 | Orc:3    | Killed Erica
 21524 | Orc:3    | Found a bloodstained altar of Trog.
 21780 | Orc:3    | Reached skill level 15 in Fighting
 22174 | Orc:3    | Found a roughly hewn altar of Beogh.
 22676 | Orc:3    | Found a staircase to the Elven Halls.
 22810 | Orc:4    | Entered Level 4 of the Orcish Mines
 22810 | Orc:4    | Noticed Sonja
 22835 | Orc:4    | Killed Sonja
 22879 | Orc:4    | Noticed Saint Roka
 22917 | Orc:3    | Killed Saint Roka
 22917 | Orc:3    | Reached skill level 19 in Axes
 23587 | Orc:4    | Found Straosob's General Store.
 23591 | Orc:4    | Found Mnoagg's Antique Weapon Shoppe.
 23607 | Orc:4    | Found Kocis' General Store.
 23610 | Orc:4    | Found Vinuonga's Armour Shoppe.
 24034 | Orc:4    | Bought a potion of curing for 39 gold pieces
 24034 | Orc:4    | Bought a scroll of blinking for 97 gold pieces
 24465 | Orc:1    | Found Tryasam's Jewellery Shop.
 24465 | Orc:1    | Noticed Joseph
 24469 | Orc:1    | Killed Joseph
 24482 | Orc:1    | Reached XP level 16. HP: 151/151 MP: 33/33
 24752 | D:13     | Killed a vault guard
 24762 | D:13     | Killed a vault guard
 24762 | D:13     | Reached skill level 5 in Dodging
 24773 | D:13     | Killed a vault guard
 24974 | D:13     | Noticed a centaur warrior
 24983 | D:13     | Killed a centaur warrior
 25473 | D:14     | Noticed Miyamura's ghost (mighty OgHu)
 25484 | D:15     | Entered Level 15 of the Dungeon
 26218 | D:15     | Found a staircase to the Depths.
 26374 | D:14     | Killed Miyamura's ghost
 27294 | Elf:1    | Entered Level 1 of the Elven Halls
 27363 | Elf:1    | Found Kusaaxiv's Assorted Antiques.
 27369 | Elf:1    | Noticed Roxanne
 27381 | Elf:1    | Found Creyske's Distillery.
 27409 | Elf:1    | Bought a potion of degeneration for 16 gold pieces
 27409 | Elf:1    | Bought a potion of heal wounds for 80 gold pieces
 27740 | Elf:1    | Identified a +0 rod of ignition (11/11) (You found it on level 12 of the Dungeon)
 28130 | Elf:1    | Found Itaptisa's Antique Weapon Boutique.
 28167 | Elf:1    | Bought an iridescent battleaxe for 391 gold pieces
 28167 | Elf:1    | Identified the +9 battleaxe of the Reaper {chop, rF- rC+ MP+9 Str+4} (You bought it in a shop on level 1 of the Elven Halls)
 28257 | Elf:1    | Found a radiant altar of Vehumet.
 28278 | Elf:1    | Found a burning altar of Makhleb.
 28302 | Elf:1    | Found Mephuo's Magic Scroll Emporium.
 28340 | Elf:1    | Found Twuoge's Jewellery Emporium.
 28720 | Elf:2    | Reached skill level 20 in Axes
 28890 | Elf:2    | Noticed a Shadow Fiend
 29021 | Elf:2    | Found Psidghar's Assorted Antiques.
 29032 | Elf:2    | Bought a glowing executioner's axe for 280 gold pieces
 29032 | Elf:2    | Bought a wavering bone amulet for 140 gold pieces
 29285 | Elf:2    | Identified the amulet "Jicu" {Ward rC+ rN+} (You bought it in a shop on level 2 of the Elven Halls)
 29379 | Elf:2    | Found a runed gate.
 29379 | Elf:2    | Found a runed gate.
 29379 | Elf:2    | Found a runed gate.
 29694 | Elf:2    | Noticed a deep elf blademaster
 29706 | Elf:2    | Killed a deep elf blademaster
 30187 | Shoals:1 | Entered Level 1 of the Shoals
 30234 | Shoals:1 | Zin protects you from harm!
 30235 | Shoals:1 | HP: 7/155 [drowned by a drowned soul[a merfolk avatar] (12)]
 30237 | Shoals:1 | HP: 3/155 [drowned by a drowned soul[a merfolk avatar] (10)]
 30244 | Shoals:1 | Drowned by a drowned soul

Action                   |  1- 3 |  4- 6 |  7- 9 | 10-12 | 13-15 | 16-18 || total
-------------------------+-------+-------+-------+-------+-------+-------++-------
Melee: War axe           |   123 |   178 |   484 |   749 |  1119 |       ||  2653
       Lajatang          |       |       |       |       |    31 |       ||    31
       Battleaxe         |       |       |       |       |   258 |   463 ||   721
       Executioner's axe |       |       |       |       |       |     7 ||     7
Invok: Recite            |       |       |    13 |    23 |    32 |    42 ||   110
       Imprison          |       |       |       |     1 |     1 |       ||     2
       Vitalisation      |       |       |       |       |     1 |       ||     1
       Sanctuary         |       |       |       |       |       |     1 ||     1
 Abil: Evoke Flight      |       |       |       |     2 |       |       ||     2
Evoke: Wand              |       |       |       |       |       |     1 ||     1
  Use: Scroll            |       |       |     3 |     2 |    16 |    10 ||    31
       Potion            |       |       |       |     1 |    10 |    10 ||    21
 Stab: Confused          |       |       |       |       |    20 |    14 ||    34
       Paralysed         |       |       |       |       |    44 |     5 ||    49
       Invisible         |       |       |       |       |    11 |       ||    11
  Eat: Chunk             |     2 |     5 |    13 |    16 |    45 |    10 ||    91
       Royal jelly       |       |       |     1 |       |       |     2 ||     3
       Bread ration      |       |       |       |     2 |     1 |     1 ||     4
       Pizza             |       |       |       |       |     2 |     1 ||     3
       Fruit             |       |       |       |       |     1 |       ||     1
